 Dungeon Crawl Stone Soup version 0.31-a0-229-g1fc7ce93e2 (webtiles) character file.

Game seed: 17653680766964726032

56 qw the Shooter (level 3, 0/29 HPs)
             Began as a Minotaur Hexslinger on July 6, 2023.
             Slain by a gnoll
             ... wielding a +0 flail
              (4 damage)
             ... on level 2 of the Dungeon.
             The game lasted 00:00:34 (1661 turns).

qw the Shooter (Minotaur Hexslinger)                Turns: 1661, Time: 00:00:34

Health: 0/29       AC:  6    Str: 12    XL:     3   Next: 71%
Magic:  3/3        EV: 11    Int: 10    God:
Gold:   43         SH:  0    Dex: 14    Spells: 3/4 levels left

rFire   . . .        Y - +0 shortbow
rCold   . . .        (shield currently unavailable)
rNeg    . . .        b - +0 ring mail
rPois   .            (helmet restricted)
rElec   .            (no cloak)
rCorr   .            a - +0 pair of gloves
SInv    .            (no boots)
Will    .....        (no amulet)
Stlth   +            (no ring)
HPRegen 0.24/turn    (no ring)
MPRegen 0.08/turn

%: no passive effects
@: no status effects
A: horns 2, retaliatory headbutt
a: no special abilities


You were on level 2 of the Dungeon.
You visited 1 branch of the dungeon, and saw 3 of its levels.

You collected 43 gold pieces.


Innate Abilities, Weirdness & Mutations

You have a pair of horns on your head.
You reflexively headbutt those who attack you in melee.


   Skills:
 - Level 2.0 Fighting
 + Level 4.1 Ranged Weapons
 - Level 1.0 Armour
 - Level 2.1 Dodging
 - Level 1.0 Spellcasting
 - Level 2.0 Hexes


You had 3 spell levels left.
You knew the following spells:

 Your Spells              Type           Power      Damage    Failure   Level
a - Slow                  Hex            16%        N/A       34%         1

Your spell library contained the following spells:

 Spells                   Type           Power      Damage    Failure   Level
 Inner Flame              Hex/Fire       2%         N/A       83%         3
 Portal Projectile        Hex/Tloc       4%         N/A       83%         3
 Cause Fear               Hex            2%         N/A       98%         4

Inventory:

Hand Weapons
 Y - a +0 shortbow (weapon)
Armour
 a - a +0 pair of gloves (worn)
 b - a +0 ring mail (worn)
Potions
 d - a potion of lignification {unknown}
 e - a potion of might {unknown}
 g - a potion of ambrosia {unknown}
 h - a potion of cancellation {unknown}

Dungeon Overview and Level Annotations

Branches:
Dungeon (3/15)

Altars:


Message History

Done exploring.
(D) Dungeon
Where to? (* - list waypoints, Enter - D:2, ? - help)
What level of the Dungeon? (default 1, ? - help)
There is a stone staircase leading down here.
You climb downwards.
The gnoll shouts! x3; You hear a shout!
Found 6 gold pieces.
There is a stone staircase leading up here.
There are monsters nearby!
Waypoint 2 assigned to D:3.
You shoot an arrow. The arrow closely misses the gnoll.
A gnoll comes into view. It is wielding a +0 whip.
You shoot an arrow.
The arrow hits the gnoll but does no damage.
You shoot an arrow. The arrow closely misses the gnoll.
The gnoll closely misses you.
You shoot an arrow. The arrow hits the gnoll.
The gnoll is lightly wounded.
The gnoll misses you. You furiously retaliate!
You headbutt the gnoll. You shoot an arrow. The arrow barely misses the gnoll.
You shoot an arrow. The arrow barely misses the gnoll.
The arrow hits the gnoll but does no damage.
You shoot an arrow.
The arrow hits the gnoll but does no damage.
The gnoll misses you. You furiously retaliate!
You headbutt the gnoll, but do no damage.
A rat comes into view.
The gnoll hits you with a +0 club. The gnoll misses you.
The gnoll closely misses you. The gnoll hits you with a +0 flail.
The gnoll hits you but does no damage.
The rat moves out of view.
1659 ||| STAIRDANCE The gnoll hits you with a +0 whip.
The gnoll hits you with a +0 flail! The gnoll barely misses you.
You furiously retaliate!
You headbutt the gnoll.
You climb upwards.
There is a stone staircase leading down here.
You shoot an arrow. The arrow barely misses the gnoll.
The gnoll hits you with a +0 whip. The gnoll hits you with a +0 club.
The gnoll hits you with a +0 flail.
You die...

#.##...# #.####.# #.#
#.# ##### ####.# #.#
....# #....# #.#
....#####.#######.#
..................#
########...###########
...........'...g@g...#
...........#####g###.#
#######.....# #.# #.#
#######.....# #.# #.#
............# #.# #.#
...)........####.###.#
............##.......#
.........##.##.#.#####
.........##.##......#


You could see 3 gnolls.

Vanquished Creatures
  2 dart slugs
  3 ball pythons (D:1)
  5 endoplasms
  3 giant cockroaches
  3 goblins (D:1)
  5 hobgoblins
  4 jackals (D:1)
  4 kobolds
  5 quokkas
  4 bats
  3 frilled lizards (D:1)
  5 rats
46 creatures vanquished.

Notes
Turn   | Place    | Note
-------+----------+-------------------------------------------
     0 | D:1      | qw the Minotaur Hexslinger began the quest for the Orb.
     0 | D:1      | Reached XP level 1. HP: 16/16 MP: 1/1
     0 | D:1      | 0 ||| qw: Version: 0.3-a-46-gb1f654a
     0 | D:1      | 0 ||| qw: Game counter: 1615
     0 | D:1      | 0 ||| qw: Melee chars always use a shield: true
     0 | D:1      | 0 ||| qw: God list: Okawaru
     0 | D:1      | 0 ||| qw: Allow faded altars: false
     0 | D:1      | 0 ||| qw: Do Orc after clearing Dungeon:15 true
     0 | D:1      | 0 ||| qw: Do second Lair branch before Depths: true
     0 | D:1      | 0 ||| qw: Lair rune preference: random
     0 | D:1      | 0 ||| qw: Goals: Normal
     0 | D:1      | 0 ||| PLANNING D:1-11
    19 | D:1      | You fall into a shaft and drop 1 floor!
   139 | D:2      | 139 ||| READING scroll labelled TEQOBI WI ONAEL.
   140 | D:2      | 140 ||| DROPPING scroll of poison.
   218 | D:1      | Reached skill level 3 in Ranged Weapons
   218 | D:1      | Reached XP level 2. HP: 23/23 MP: 2/2
   476 | D:1      | Found a faded altar of an unknown god.
   639 | D:1      | Reached XP level 3. HP: 29/29 MP: 3/3
  1167 | D:1      | 1167 ||| UPGRADING to +0 ring mail.
  1177 | D:1      | 1177 ||| DROPPING +0 robe.
  1178 | D:1      | 1178 ||| READING scroll labelled MIJARI WEMORU.
  1179 | D:1      | 1179 ||| READING scroll labelled DEXUDGHOXOEK.
  1304 | D:2      | Reached skill level 4 in Ranged Weapons
  1452 | D:2      | Reached skill level 1 in Armour
  1462 | D:2      | 1462 ||| SWAPPING to +0 shortbow.
  1463 | D:2      | 1463 ||| DROPPING +1 sling.
  1631 | D:2      | 1631 ||| UPGRADING to +0 pair of gloves.
  1636 | D:2      | 1636 ||| READING scroll labelled LOOMAT CANT.
  1637 | D:2      | 1637 ||| READING scroll labelled PEEXON OPATOFOWN.
  1659 | D:3      | 1659 ||| STAIRDANCE
  1661 | D:2      | HP: 4/29 [gnoll/+0 club (6)]
  1661 | D:2      | Slain by a gnoll

Levels and vault maps discovered:
D:1:      erik_arrival_blinker_ship, layout_loops_corners,
          hellmonk_ecumenical_altar_crossroads
D:2:      layout_basic
D:3:      layout_loops_ring, serial_shops, nicolae_shop_real_fake_doors,
          kennysheep_path_1

Skill      XL: |  1  2  3 |
---------------+----------+-----
Ranged Weapons | 3 4 |  4.1
Fighting       | 2 |  2.0
Armour         | 1 |  1.0
Dodging        | |  2.1
Spellcasting   | |  1.0
Hexes          | |  2.0

Action                     || total
---------------------------++-------
   Fire: Sling             ||   124
         Shortbow          ||    13
    Use: Scroll            ||     5
 Armour: Robe              ||     7
         Ring mail         ||     9
  Dodge: Dodged            ||    49

Table legend:
 A = Non-vault XP
 B = Vault XP
 C = Vault XP percentage of total XP
 D = Non-vault monster count
 E = Vault monster count
 F = Vault count percentage of total count
                 A         B        C        D         E       F
            +---------+---------+-------+---------+---------+-------
      Total |      81 |       0 |   0.0 |      46 |       0 |   0.0
            +---------+---------+-------+---------+---------+-------
        D:1 |      49 |       0 |   0.0 |      29 |       0 |   0.0
        D:2 |      32 |       0 |   0.0 |      17 |       0 |   0.0
            +---------+---------+-------+---------+---------+-------
